 Dungeon Crawl Stone Soup version 0.23-a0-767-gdc19b93d68 (webtiles) character file.

461 Hercules1031 the Covered (level 7, 26/56 HPs)
             Began as a Barachi Fighter on Jan 28, 2019.
             Was an Initiate of Ashenzari.
             Starved to death
             ... on level 4 of the Dungeon.
             The game lasted 00:07:18 (3025 turns).

Hercules1031 the Covered (Barachi Fighter)          Turns: 3025, Time: 00:07:19

Health: 26/56      AC: 14    Str: 19    XL:     7   Next: 7%
Magic:  7/7        EV: 10    Int:  9    God:    Ashenzari [......]
Gold:   93         SH: 12    Dex: 16    Spells: 6/6 levels left

rFire    . . .     SeeInvis .   a - +0 war axe
rCold    . . .     Gourm    .   o - +2 shield (curse)
rNeg     . . .     Faith    .   q - +0 plate armour (curse)
rPois    .         Spirit   .   i - +0 helmet (curse)
rElec    .         Reflect  .   (no cloak)
rCorr    .         Harm     .   (no gloves)
MR       .....                  k - +0 pair of boots (curse)
Stlth    ..........             m - amulet of magic regeneration
HPRegen  0.18/turn              (no ring)
MPRegen  0.35/turn              (no ring)

@: agile, flying (expiring), fainting, slow
A: +LOS, swims, slowness 1, strong legs 1
a: Hop, Curse Item, Renounce Religion


You were on level 4 of the Dungeon.
You worshipped Ashenzari.
Ashenzari was noncommittal.
You were fainting.

You visited 1 branch of the dungeon, and saw 4 of its levels.

You collected 93 gold pieces.

Inventory:

Hand Weapons
 a - a +0 war axe (weapon)
Armour
 b - a +0 scale mail
 c - a +0 shield
 i - a cursed +0 helmet (worn)
 k - a cursed +0 pair of boots (worn)
 o - a cursed +2 shield (worn)
 q - a cursed +0 plate armour (worn)
Jewellery
 m - an amulet of magic regeneration (around neck)
Scrolls
 e - 4 scrolls of identify {unknown}
 j - a scroll of magic mapping {unknown}
 l - a scroll of fear {unknown}
 p - a scroll of fog {unknown}


   Skills:
 + Level 5.1 Fighting
 + Level 4.1 Axes
 + Level 5.2 Armour
 + Level 3.1 Dodging
 + Level 4.8 Shields


You had 6 spell levels left.
You didn't know any spells.
Your spell library contained the following spells:

 Spells                   Type           Power        Failure   Level  Hunger
 Confusing Touch          Hex            #.....       100%        1    ##.....
 Confuse                  Hex            #.......     100%        3    ####...
 Gell's Gravitas          Tloc           #.........   100%        3    ####...
 Petrify                  Tmut/Erth      #.......     100%        4    #####..
 Metabolic Englaciation   Hex/Ice        #.........   100%        5    ######.
 Yara's Violent Unravell  Hex/Tmut       #.........   100%        5    ######.


Dungeon Overview and Level Annotations

Branches:
Dungeon (4/15)
 Temple: D:4-7

Altars:
Ashenzari
Okawaru
Ru
Wu Jian
The Shining One


Innate Abilities, Weirdness & Mutations

Shadows flee at your approach. (+LOS)
You can swim through water.
You cover ground slowly.
You can hop short distances.


Message History

You closely miss the hungry ghost.
The hungry ghost is moderately damaged.
You feel sick.
You are no longer poisoned.
You block the hungry ghost's attack. The hungry ghost hits you.
You feel slightly more hungry.
You closely miss the hungry ghost.
The hungry ghost is moderately damaged.
You are starting to lose your buoyancy.
The hungry ghost hits you.
You feel slightly more hungry.
You hit the hungry ghost but do no damage.
The hungry ghost is moderately damaged.
The hungry ghost barely misses you.
You hit the hungry ghost.
The hungry ghost is moderately damaged.
The hungry ghost hits you. You block the hungry ghost's attack.
You closely miss the hungry ghost.
The hungry ghost is moderately damaged.
You have starved to death.
You die...

####...†.....# #
#..#.....#..##
#......##..#
####.........##
#.........####
#.###......#
###.....†.((.#
#.......)....#####
..#..#..†@W.%.....
........####......#
##..#..# .......
#..... #....###
#...... ###..#
#..... ..# ......
## ...... #...


You could see a hungry ghost.

Vanquished Creatures
  Sigmund (D:2)
  3 dancing weapons (D:4)
  A scorpion (D:4)
  A howler monkey (D:4)
  An orc priest (D:4)
  A worker ant (D:4)
  Robin (D:3)
  4 adders
  An ooze (D:3)
  2 worms (D:2)
  4 dart slugs
  6 leopard geckos
  2 orcs (D:4)
  8 bats
  5 giant cockroaches
  22 goblins
  7 hobgoblins
  3 jackals (D:2)
  5 kobolds
  2 quokkas
  4 frilled lizards
  A jackal skeleton (D:4)
  6 rats
91 creatures vanquished.

Notes
Turn   | Place    | Note
-------+----------+-------------------------------------------
     0 | D:1      | Hercules1031 the Barachi Fighter began the quest for the
                  | Orb.
     0 | D:1      | Reached XP level 1. HP: 18/18 MP: 1/1
   470 | D:1      | Reached XP level 2. HP: 25/25 MP: 2/2
  1190 | D:1      | Reached skill level 1 in Dodging
  1190 | D:1      | Reached XP level 3. HP: 24/30 MP: 3/3
  1482 | D:2      | Reached XP level 4. HP: 33/37 MP: 4/4
  1487 | D:2      | Noticed Sigmund
  1496 | D:2      | Killed Sigmund
  1496 | D:2      | Reached XP level 5. HP: 32/43 MP: 5/5
  1529 | D:2      | Reached XP level 6. HP: 41/49 MP: 6/6
  2116 | D:2      | Found a faded altar of an unknown god.
  2125 | D:2      | Became a worshipper of the Wu Jian Council
  2125 | D:2      | Reached * piety under Wu Jian
  2266 | D:3      | Noticed Robin
  2278 | D:3      | Killed Robin
  2414 | D:3      | Found a glowing golden altar of the Shining One.
  2414 | D:3      | Found an iron altar of Okawaru.
  2415 | D:3      | Found a sacrificial altar of Ru.
  2709 | D:3      | Found a shattered altar of Ashenzari.
  2752 | D:3      | Fell from the grace of Wu Jian
  2752 | D:3      | Became a worshipper of Ashenzari the Shackled
  2923 | D:4      | Noticed a +3 quarterstaff of flaming
  2923 | D:4      | Noticed a +2 rapier of speed
  2923 | D:4      | Noticed a +4 rapier of flaming
  2927 | D:4      | Killed a +4 rapier of flaming
  2929 | D:4      | Killed a +2 rapier of speed
  2929 | D:4      | Killed a +3 quarterstaff of flaming
  2976 | D:4      | Reached skill level 5 in Armour
  2983 | D:4      | Reached skill level 5 in Fighting
  2985 | D:4      | Noticed a hungry ghost
  2988 | D:4      | Reached XP level 7. HP: 22/56 MP: 7/7
  3025 | D:4      | Starved to death

Vault maps used:
D:1:      sevenhm_arrival_forest_fort_small_5
D:2:      chequers_ecumenical_altar_grove, uniq_sigmund
D:3:      lemuel_round_altar, chequers_temple_overflow_statue_of_worship,
          first_ration, chequers_serial_rivers_room_b, uniq_robin

Skill      XL: |  1  2  3  4  5  6 |
---------------+-------------------+-----
Dodging        | 1 2 3 |  3.1
Fighting       | 4 5 |  5.1
Armour         | 4 5 |  5.2
Axes           | 3 4 |  4.1
Shields        | 4 |  4.8

Action                   |  1- 3 |  4- 6 |  7- 9 || total
-------------------------+-------+-------+-------++-------
Melee: War axe           |    94 |   164 |    32 ||   290
Invok: Whirlwind         |       |     6 |       ||     6
       Curse Item        |       |     3 |       ||     3
       Lunge             |       |     3 |       ||     3
  Use: Potion            |       |     4 |     3 ||     7
 Stab: Distracted        |       |     1 |       ||     1
  Eat: Ration            |     1 |     3 |     1 ||     5
Armor: Scale mail        |    55 |    77 |       ||   132
       Plate armour      |       |    45 |    33 ||    78
Dodge: Dodged            |    40 |    55 |    12 ||   107
Block: Shield            |    45 |   119 |    23 ||   187

Table legend:
 A = Non-vault XP
 B = Vault XP
 C = Vault XP percentage of total XP
 D = Non-vault monster count
 E = Vault monster count
 F = Vault count percentage of total count
                 A         B        C        D         E       F
            +---------+---------+-------+---------+---------+-------
      Total |     396 |     263 |  39.9 |      74 |      14 |  15.9
            +---------+---------+-------+---------+---------+-------
        D:1 |      34 |       0 |   0.0 |      17 |       0 |   0.0
        D:2 |     102 |     227 |  69.0 |      31 |       1 |   3.1
        D:3 |      39 |      36 |  48.0 |      14 |      13 |  48.1
        D:4 |     221 |       0 |   0.0 |      12 |       0 |   0.0
            +---------+---------+-------+---------+---------+-------
